 Dungeon Crawl Stone Soup version 0.28-a0-1395-g4f6bc678fa (webtiles) character file.

Game seed: 1404128462325551408

42 tilp the Poker (level 3, -4/27 HPs)
             Began as a Merfolk Necromancer on Jan 4, 2022.
             Slain by an adder (5 damage)
             ... on level 2 of the Dungeon.
             The game lasted 00:03:09 (2475 turns).

tilp the Poker (Merfolk Necromancer)                Turns: 2475, Time: 00:03:10

Health: -4/27      AC:  2    Str:  8    XL:     3   Next: 56%
Magic:  3/6        EV: 12    Int: 16    God:
Gold:   24         SH:  0    Dex: 14    Spells: 5/6 levels left

rFire   . . .      SeeInvis .   b - +0 spear
rCold   . . .      Faith    .   (no shield)
rNeg    . . .      Spirit   .   c - +0 robe
rPois   .          Reflect  .   (no helmet)
rElec   .          Harm     .   (no cloak)
rCorr   .          Rampage  .   (no gloves)
Will    .....                   (no boots)
Stlth   ++........              (no amulet)
HPRegen 0.09/turn               (no ring)
MPRegen 0.10/turn               (no ring)

@: lethally poisoned (-4 -> -10)
A: (nimble swimmer 2), mertail
a: no special abilities


You were on level 2 of the Dungeon.
You visited 1 branch of the dungeon, and saw 2 of its levels.

You collected 46 gold pieces.
You spent 22 gold pieces at shops.

Inventory:

Hand Weapons
 a - a +0 trident
 b - a +0 spear (weapon)
Missiles
 h - 20 poisoned darts
 i - 38 stones (quivered)
Armour
 c - a +0 robe (worn)
Scrolls
 d - a scroll of teleportation {unknown}
 g - a scroll of enchant armour {unknown}
 j - a scroll of noise {unknown}
Potions
 e - a potion of lignification {unknown}
 f - a potion of might


   Skills:
 - Level 2.0 Fighting
 + Level 3.4 Polearms
 - Level 2.7 Dodging
 - Level 2.1 Stealth
 - Level 2.0 Spellcasting
 - Level 3.2 Necromancy


You had 5 spell levels left.
You knew the following spells:

 Your Spells              Type           Power      Damage    Failure   Level
a - Pain                  Necr           48%        1d6       5%          1

Your spell library contained the following spells:

 Spells                   Type           Power      Damage    Failure   Level
 Animate Skeleton         Necr           24%        N/A       5%          1
 Corpse Rot               Necr/Air       12%        N/A       16%         2
 Vampiric Draining        Necr           12%        2d6       16%         3
 Poisonous Vapours        Pois/Air       2%         N/A       30%         2
 Animate Dead             Necr           6%         N/A       47%         4
 Agony                    Necr           12%        N/A       83%         5


Dungeon Overview and Level Annotations

Branches:
Dungeon (2/15)

Altars:
Beogh

Shops:
D:1 ?[


Innate Abilities, Weirdness & Mutations

((You are very nimble when in or above water. (Stealth+, EV+, Speed+++)))
Your lower body shifts to a powerful aquatic tail in water.


Message History

Press: ? - help, Shift-Dir - straight line, f - adder
Aim: an adder (asleep, chance to affect: 75%)
The adder hisses angrily.
The adder writhes in agony.
Casting: Pain (safe; 5% risk of failure)
Confirm with . or Enter, or press ? or * to list all spells.
Aiming: Pain (safe; 5% risk of failure)
Press: ? - help, Shift-Dir - straight line, f/p - adder
Aim: an adder (heavily wounded, chance to affect: 75%)
The adder struggles to resist.
The adder bites you.
You hit the adder.
The adder is severely wounded.
The adder bites you.
You are poisoned.
The adder poisons you!
You miss the adder.
The adder is severely wounded.
You feel sick. The adder bites you. The adder barely misses you.
You miss the adder.
The adder is severely wounded.
You feel sick. The adder bites you but does no damage.
You hit the adder.
The adder is severely wounded.
You feel sick. The adder bites you.
You are more poisoned.
The adder poisons you!
You barely miss the adder.
The adder is severely wounded.
* * * LOW HITPOINT WARNING * * *
You feel sick. The adder bites you.
* * * LOW HITPOINT WARNING * * *
Casting: Pain (safe; 5% risk of failure)
Confirm with . or Enter, or press ? or * to list all spells.
Aiming: Pain (safe; 5% risk of failure)
Press: ? - help, Shift-Dir - straight line, f/p - adder
Aim: an adder (severely wounded, chance to affect: 75%)
The adder struggles to resist.
* * * LOW HITPOINT WARNING * * *
You feel sick. The adder bites you.
You die...

#.# #.....< #.# ...#####
#.# # #.# # #.# # #.# #
#.########## .
#..........# ##########.
#
##########.###..@S......
#.......^......
##############.


You could see an adder.

Vanquished Creatures
  An adder (D:2)
  A worm (D:2)
  3 dart slugs
  An endoplasm (D:1)
  A giant cockroach (D:1)
  A goblin (D:2)
  3 hobgoblins (D:1)
  A quokka (D:1)
  4 ball pythons
  2 bats
  4 kobolds
  2 rats
24 creatures vanquished.

Notes
Turn   | Place    | Note
-------+----------+-------------------------------------------
     0 | D:1      | tilp the Merfolk Necromancer began the quest for the Orb.
     0 | D:1      | Reached XP level 1. HP: 13/13 MP: 3/3
    10 | D:1      | Found Teddeodgh's Antique Armour Shop.
   186 | D:1      | Reached skill level 1 in Fighting
   637 | D:1      | Reached XP level 2. HP: 20/22 MP: 5/5
   670 | D:1      | Found Cualoox's Magic Scroll Shop.
   703 | D:1      | Bought a scroll of identify for 22 gold pieces
   954 | D:1      | Reached skill level 1 in Polearms
  1142 | D:1      | Found a faded altar of an unknown god.
  1776 | D:2      | Reached XP level 3. HP: 19/27 MP: 6/6
  2475 | D:2      | HP: 1/27 [poisoned by an adder]
  2475 | D:2      | Slain by an adder

Illustrated notes

Levels and vault maps discovered:
D:1:      dpeg_arrival_radiant, layout_basic, serial_shops, shop,
          nicolae_shop_crystal, hellmonk_ecumenical_altar_defaced_shrine,
          nicolae_wormholes
D:2:      layout_loops_ring

Skill      XL: |  1  2  3 |
---------------+----------+-----
Fighting       | 1 2 |  2.0
Polearms       | 2 3 |  3.4
Dodging        | |  2.7
Stealth        | |  2.1
Spellcasting   | |  2.0
Necromancy     | |  3.2

Action                   || total
-------------------------++-------
Melee: Whip              ||     9
       Trident           ||    24
       Spear             ||    53
 Cast: Pain              ||    27
  Use: Scroll            ||     1
 Stab: Sleeping          ||     6
Armor: Robe              ||    12
Dodge: Dodged            ||    35

Table legend: (Time is in decaauts)
 A = Elapsed time spent in this place.
 B = Non-inter-level travel time spent in this place.
 C = Inter-level travel time spent in this place.
 D = Time resting spent in this place.
 E = Time spent auto-exploring this place.
 F = Levels seen in this place.
 G = Mean time per level.
                   A        B        C        D        E       F      G
               +--------+--------+--------+--------+--------+-----+--------+
         Total |   2477 |   2326 |    151 |    119 |   1946 |   2 | 1238.5 |
       Dungeon |   2477 |   2326 |    151 |    119 |   1946 |   2 | 1238.5 |
               +--------+--------+--------+--------+--------+-----+--------+

Top non-repeatable levels by time:
     D:1: 1769 daAuts
     D:2: 707 daAuts
